 Dungeon Crawl Stone Soup version 0.25.1-4-g9407a263a5 (webtiles) character file.

Game seed: 1158638845837290068

74 Clowwww the Chopper (level 4, -3/34 HPs)
             Began as a Demonspawn Gladiator on Nov 27, 2020.
             Slain by a gnoll
             ... wielding a +3 spear of chaos
              (6 damage)
             ... on level 2 of the Dungeon.
             The game lasted 00:03:47 (1999 turns).

Clowwww the Chopper (Demonspawn Gladiator)          Turns: 1999, Time: 00:03:47

Health: -3/34      AC:  4    Str: 16    XL:     4   Next: 9%
Magic:  4/4        EV: 13    Int:  9    God:
Gold:   72         SH:  0    Dex: 14    Spells: 3/3 levels left

rFire    + . .     SeeInvis .   a - +0 war axe
rCold    . . .     Gourm    .   (no shield)
rNeg     . . .     Faith    .   b - +0 leather armour
rPois    .         Spirit   .   c - +0 helmet
rElec    .         Reflect  .   (no cloak)
rCorr    .         Harm     .   (no gloves)
MR       .....                  (no boots)
Stlth    +.........             (no amulet)
HPRegen  0.11/turn              (no ring)
MPRegen  0.09/turn              (no ring)

@: lethally poisoned (-3 -> -8)
A: claws 1, hooves 1, fire resistance 1
a: no special abilities


You were on level 2 of the Dungeon.
You were hungry.

You visited 1 branch of the dungeon, and saw 2 of its levels.

You collected 72 gold pieces.

Inventory:

Hand Weapons
 a - a +0 war axe (weapon)
Missiles
 d - 3 throwing nets (quivered)
 o - 2 javelins
Armour
 b - a +0 leather armour (worn)
 c - a +0 helmet (worn)
Scrolls
 g - a scroll of remove curse {unknown}
 h - a scroll of enchant weapon {unknown}
 i - a scroll of magic mapping {unknown}
 j - a scroll of enchant armour {unknown}
 k - a scroll of identify {unknown}
 m - a scroll of fog {unknown}
Potions
 e - a potion of stabbing {unknown}
 l - a potion of lignification {unknown}
Comestibles
 f - 3 rations
 n - 3 chunks of flesh


   Skills:
 + Level 2.3 Fighting
 + Level 3.6 Axes
 + Level 1.8 Throwing
 + Level 1.1 Armour
 + Level 3.2 Dodging
 + Level 0.3 Stealth


You had 3 spell levels left.
You didn't know any spells.
Your spell library was empty.

Dungeon Overview and Level Annotations

Branches:
Dungeon (2/15)

Altars:


Innate Abilities, Weirdness & Mutations

You have sharp fingernails.
You have large cloven feet.
Your flesh is heat resistant. (rF+)


Message History

You slash the gnoll!
You kill the gnoll!
You have reached level 4!
You feel stronger.
Your demonic ancestry asserts itself...
Your feet thicken and deform.
You hit the gnoll.
The gnoll hits you with a +1 dagger of chaos.
* * * LOW HITPOINT WARNING * * *
You hit the gnoll. Your kick misses the gnoll.
The gnoll is heavily wounded.
The gnoll hits you but does no damage.
The gnoll hits you with a +1 dagger of chaos!
* * * LOW HITPOINT WARNING * * *
You are lethally poisoned!
You hit the gnoll. You kick the gnoll, but do no damage.
The gnoll is almost dead.
* * * LOW HITPOINT WARNING * * *
You feel sick.
The gnoll hits you from afar with a +3 spear of chaos.
You die...

.....#.#
#.#
######.#
#.#
.......#
#.#
########
#.# ..#
#.## #.#
##.≈ #..#
#.## ≈..≈
##.# ...#
#.#.≈ #.#
...# ....^
#@# ...#
....# #g#
...#
o.##..###g#
...#
##≈.###.#.#
...#
.≈..$..)..#
#.##
#≈#..≈.≈###
#.# ##≈.≈.#
..###
#.≈≈≈#
#...#
.≈.≈.##


You could see 2 gnolls.

Vanquished Creatures
  A gnoll (D:2)
  2 adders (D:2)
  An ooze (D:1)
  A dart slug (D:1)
  2 leopard geckos
  A ball python (D:2)
  5 giant cockroaches
  4 hobgoblins (D:1)
  5 kobolds
  A quokka (D:2)
  3 bats (D:2)
  2 frilled lizards
  5 goblins
  4 rats
37 creatures vanquished.

Notes
Turn   | Place    | Note
-------+----------+-------------------------------------------
     0 | D:1      | Clowwww the Demonspawn Gladiator began the quest for the
                  | Orb.
     0 | D:1      | Reached XP level 1. HP: 16/16 MP: 1/1
   162 | D:1      | Gained mutation: You have sharp fingernails. [demonic
                  | ancestry]
   162 | D:1      | Reached XP level 2. HP: 6/22 MP: 2/2
  1082 | D:2      | Gained mutation: Your flesh is heat resistant. (rF+)
                  | [demonic ancestry]
  1082 | D:2      | Reached XP level 3. HP: 24/27 MP: 3/3
  1840 | D:2      | Reached skill level 1 in Armour
  1992 | D:2      | Gained mutation: You have large cloven feet. [demonic
                  | ancestry]
  1992 | D:2      | Reached XP level 4. HP: 14/34 MP: 4/4
  1999 | D:2      | Slain by a gnoll

Illustrated notes

Levels and vault maps discovered:
D:1:      ncdulo_wetmaze, layout_basic, hangedman_feature_mirror,
          patterned_corridor
D:2:      layout_basic, tgw_xom, first_ration, serial_rivers,
          chequers_serial_rivers_micro_e, chequers_serial_rivers_small_b,
          chequers_serial_rivers_micro_a, chequers_serial_rivers_room_a,
          chequers_serial_rivers_micro_b, chequers_serial_rivers_small_a

Skill      XL: |  1  2  3 |
---------------+----------+-----
Axes           | 3 |  3.6
Dodging        | 3 |  3.2
Armour         | 1 |  1.1
Fighting       | |  2.3
Throwing       | |  1.8
Stealth        | |  0.3

Action                   |  1- 3 |  4- 6 || total
-------------------------+-------+-------++-------
Melee: War axe           |   103 |     2 ||   105
       Kick              |       |     1 ||     1
 Stab: Sleeping          |     2 |       ||     2
  Eat: Chunk             |     3 |       ||     3
Armor: Leather armour    |    42 |     1 ||    43
Dodge: Dodged            |    83 |       ||    83
